Map: Cyber Forest LE

Players

Serral - Winner!

  • Race: Zerg Zerg
  • League: Grandmaster
  • Spawn Location: 5:00

llllllllllll (Stats)

  • Race: Protoss Protoss
  • League: Master
  • Spawn Location: 11:00

Event: 2019 Assembly Summer

VOD

Have the link to the VOD?

Description

Time

  • Played on: Aug. 3, 2019, 11:28 a.m.
  • Length: 3:51

All games in this series

Show
View Real Time Build Order
Export as new Build Order

Serral Zerg - Winner!

Build Orders: Hatch First 

Get SALT Encoding   

  12  0:00  Drone  
  13  0:12  Overlord  
  13  0:16  Drone  
  14  0:30  Drone x2  
  16  0:45  Drone  
  17  0:51  Hatchery  
  17  0:55  Drone  
  17  0:59  Drone  
  18  1:05  Extractor  
  17  1:15  Spawning Pool  
  17  1:17  Drone  
  17  1:20  Drone  
  18  1:28  Drone  
  19  1:39  Overlord  
  19  2:02  Queen  
  19  2:03  Zergling x2  
  19  2:04  Zergling x2  
  19  2:06  Metabolic Boost  
  23  2:10  Queen  
  25  2:16  Zergling x2  
  25  2:17  Zergling x2  
  25  2:19  Zergling x2  
  28  2:27  Zergling x2  
  28  2:28  Zergling x2  
  30  2:49  Hatchery  
  28  2:51  Zergling x4  
  28  2:56  Zergling x2  
  28  2:58  Zergling x2  
  32  3:03  Zergling x2  
  33  3:06  Zergling x2  
  33  3:07  Zergling x2  
  33  3:11  Zergling x2  
  35  3:20  Zergling x2  
  35  3:27  Zergling x2  
Show
View Real Time Build Order
Export as new Build Order

llllllllllll Protoss 

Build Orders: 1 Gate Expand 

Get SALT Encoding   

  12  0:00  Probe  
  13  0:12  Probe  
  14  0:19  Pylon  
  14  0:24  Probe  
  15  0:33  Probe  
  15  0:41  Probe  
  16  0:44  Gateway  
  16  0:47  Assimilator  
  17  0:51  Probe  
  18  1:03  Probe  
  19  1:15  Probe  
  20  1:26  Nexus  
  20  1:33  Cybernetics Core  
  20  1:36  Probe  
  21  1:41  Assimilator  
  21  1:49  Probe  
  21  1:51  Pylon  
  22  2:00  Adept  
  22  2:01  Probe  
  23  2:13  Probe  
  26  2:25  Probe  
  27  2:30  Stalker  
  27  2:34  Probe, Twilight Council  
  27  2:35  Probe  
  29  2:42  Probe  
  29  2:43  Probe  
  33  2:51  Probe  
  33  2:53  Probe  
  33  2:56  Robotics Facility  
  35  3:03  Probe  
  36  3:05  Probe  
  37  3:15  Probe  
  37  3:18  Probe  
  41  3:27  Gateway  
Tags
 
Add a new tag
Caveats
  • Supply blocks, unpowered buildings, or Contaminate may cause inaccurate times.
  • Supply counts are checked every 10 seconds.